Map: Tokamak LE

Players

herO - Winner!

  • Race: Protoss Protoss
  • League: Grandmaster
  • Spawn Location: 7:00

ByuN

  • Race: Terran Terran
  • League: Master
  • Spawn Location: 1:00

VOD

Have the link to the VOD?

Description

Time

  • Played on: May 9, 2025, 6:55 a.m.
  • Length: 12:34
Show
View Real Time Build Order
Export as new Build Order

herO Protoss - Winner!

Build Orders: 1 Gate Expand, Phoenix Opening, Blink Stalkers 

Get SALT Encoding   

  12  0:00  Probe  
  13  0:12  Probe  
  14  0:17  Pylon  
  14  0:23  Probe  
  15  0:31  Probe  
  16  0:37  Gateway  
  16  0:39  Probe  
  16  0:47  Assimilator  
  17  0:50  Probe  
  18  1:03  Probe  
  19  1:15  Probe  
  20  1:24  Cybernetics Core  
  20  1:33  Nexus  
  20  1:40  Pylon  
  20  1:43  Probe  
  21  1:48  Stalker  
  21  1:49  Assimilator  
  21  1:55  Probe  
  24  2:02  Warp Gate  
  24  2:08  Probe  
  25  2:15  Stalker  
  25  2:20  Probe  
  28  2:32  Probe, Twilight Council  
  29  2:42  Shield Battery  
  29  2:44  Probe  
  29  2:45  Probe  
  29  2:48  Sentry  
  33  2:52  Probe  
  33  2:53  Probe  
  33  2:54  Phoenix  
  33  2:57  Blink  
  35  3:00  Gateway  
  35  3:02  Probe  
  35  3:03  Probe  
  37  3:14  Probe  
  37  3:15  Probe  
  39  3:26  Probe  
  40  3:27  Probe  
  40  3:29  Pylon, Phoenix  
  41  3:38  Probe  
  41  3:39  Probe  
  43  3:50  Stalker  
  43  3:51  Probe x2  
  47  3:56  Nexus  
  47  3:58  Pylon  
  47  4:03  Stalker  
  47  4:07  Probe x2  
  51  4:13  Stalker  
  53  4:19  Probe x2  
  53  4:23  Gateway  
  55  4:25  Shield Battery  
  55  4:27  Stalker  
  57  4:32  Probe x2  
  57  4:35  Pylon  
  57  4:36  Stalker  
  61  4:44  Forge  
  61  4:47  Probe, Pylon  
  62  4:53  Probe  
  62  4:55  Pylon  
  62  4:56  Protoss Ground Weapons Level 1, Stalker  
  62  4:58  Probe  
  66  5:02  Charge  
  66  5:04  Probe  
  66  5:05  Probe  
  66  5:07  Probe  
  67  5:12  Probe  
  69  5:15  Probe  
  69  5:17  Probe  
  72  5:22  Probe  
  72  5:24  Pylon  
  72  5:26  Probe  
  74  5:29  Probe, Assimilator  
  74  5:31  Stalker  
  74  5:32  Stalker x2  
  82  5:38  Pylon  
  83  5:42  Probe  
  83  5:43  Probe  
  83  5:47  Gateway  
  83  5:48  Gateway  
  83  5:49  Gateway  
  83  5:51  Gateway  
  83  5:54  Dark Shrine  
  83  6:01  Gateway x2  
  83  6:03  Gateway  
  83  6:06  Sentry, Zealot  
  83  6:07  Zealot  
  89  6:24  Shield Battery  
  89  6:31  Probe x2  
  89  6:32  Probe  
  88  6:35  Zealot x3  
  89  6:43  Zealot x3  
  93  6:50  Protoss Ground Armor Level 1  
  93  6:52  Zealot  
  95  6:56  Zealot x4  
  95  6:59  Zealot  
  105  7:01  Zealot  
  105  7:07  Shadow Stride  
  85  7:15  Zealot  
  85  7:16  Zealot x7  
  85  7:20  Probe x2  
  83  7:23  Zealot x2  
  83  7:25  Nexus  
  83  7:28  Pylon  
  87  7:33  Probe, Assimilator  
  82  7:38  Dark Templar x3  
  82  7:42  Sentry, Zealot x2  
  80  7:44  Zealot x2  
  80  7:49  Zealot x2  
  88  7:55  Probe x3  
  91  7:59  Pylon  
  91  8:06  Forge, Sentry x2, Zealot x3  
  91  8:10  Probe  
  91  8:11  Probe x2  
  104  8:23  Zealot x5  
  104  8:25  Probe x3  
  115  8:29  Protoss Ground Weapons Level 2  
  115  8:31  Robotics Facility  
  115  8:34  Stalker, Zealot  
  117  8:37  Probe  
  117  8:40  Probe x3  
  121  8:44  Dark Templar x2  
  121  8:45  Dark Templar  
  127  8:51  Zealot x2  
  127  8:54  Protoss Ground Armor Level 2  
  129  9:02  Zealot x3  
  129  9:03  Zealot  
  135  9:10  Shield Battery  
  135  9:11  Photon Cannon  
  131  9:20  Observer, Zealot x5  
  134  9:27  Zealot x2  
  128  9:33  Stalker x3  
  112  9:42  Zealot x5  
  106  9:47  Warp Prism  
  104  9:54  Zealot x2  
  104  9:59  Robotics Facility  
  110  10:01  Robotics Bay  
  110  10:04  Pylon  
  110  10:06  Zealot x3  
  116  10:07  Sentry  
  116  10:11  Nexus  
  118  10:14  Assimilator  
  112  10:30  Zealot x10  
  112  10:35  Probe x4  
  134  10:37  Colossus x2  
  134  10:38  Pylon  
  134  10:40  Gateway  
  134  10:41  Extended Thermal Lance  
  136  10:47  Probe  
  136  10:48  Pylon  
  133  11:08  Zealot x4  
  133  11:09  Zealot x5  
  129  11:12  Dark Templar  
  129  11:14  Colossus  
  129  11:15  Colossus  
  137  11:34  Shield Battery  
  137  11:36  Dark Templar x2  
  137  11:37  Photon Cannon  
  137  11:38  Zealot x5  
  150  11:48  Stalker x2  
  152  12:01  Sentry, Zealot  
  152  12:02  Zealot x5  
  162  12:12  Stalker x4  
  141  12:23  Stalker x4  
Show
View Real Time Build Order
Export as new Build Order

ByuN Terran 

Build Orders: Cyclone Opening 

Get SALT Encoding   

  12  0:00  SCV  
  13  0:12  SCV  
  14  0:17  Supply Depot  
  14  0:24  SCV  
  15  0:38  SCV  
  15  0:39  Barracks  
  16  0:43  Refinery  
  16  0:51  SCV  
  17  1:03  SCV  
  18  1:15  SCV  
  20  1:32  Orbital Command  
  19  1:40  Command Center  
  19  1:42  Marine  
  20  1:53  Factory  
  20  1:58  SCV  
  21  2:02  Barracks Reactor  
  21  2:05  Refinery  
  21  2:10  SCV  
  21  2:15  Supply Depot  
  22  2:22  SCV  
  23  2:36  SCV  
  24  2:38  Factory Tech Lab, Marine x2  
  24  2:40  Starport  
  26  2:48  SCV  
  27  2:51  Orbital Command  
  27  2:59  Cyclone  
  27  3:01  SCV  
  27  3:04  Marine  
  32  3:06  Marine  
  32  3:07  Orbital Command  
  33  3:13  SCV  
  33  3:16  Medivac  
  36  3:22  Marine  
  36  3:24  Marine  
  36  3:25  Supply Depot  
  36  3:26  SCV  
  39  3:37  Factory Reactor, SCV  
  39  3:38  SCV  
  41  3:50  SCV  
  41  3:51  SCV  
  43  3:56  Stimpack, Marine  
  43  3:58  Barracks  
  43  4:00  Barracks  
  43  4:02  Factory Tech Lab, SCV  
  45  4:03  SCV  
  45  4:07  Starport Reactor  
  45  4:08  Supply Depot  
  46  4:14  Marine  
  46  4:16  SCV x2  
  49  4:20  Engineering Bay  
  49  4:22  Siege Tank  
  52  4:27  Refinery  
  52  4:28  SCV x2  
  54  4:32  Marine  
  54  4:36  Supply Depot  
  55  4:40  SCV  
  55  4:41  SCV  
  55  4:45  Marine x2  
  57  4:49  Terran Infantry Weapons Level 1, Marine  
  60  4:54  Marine x2  
  60  4:57  Siege Tank  
  65  5:00  SCV x2  
  65  5:04  Supply Depot  
  67  5:07  Marine x2  
  67  5:09  Supply Depot  
  67  5:10  Medivac  
  67  5:11  Marine  
  70  5:15  Marine x2  
  70  5:19  SCV x2  
  73  5:25  Marine x2  
  75  5:29  Siege Tank, Marauder  
  75  5:32  SCV x2  
  82  5:36  Refinery  
  82  5:38  Supply Depot  
  81  5:46  Starport Reactor  
  81  5:48  Marine x2  
  81  5:49  Marine x2  
  85  5:50  Marauder, Combat Shield  
  85  5:52  SCV  
  88  5:58  Supply Depot  
  88  6:06  Marine x3  
  88  6:09  Siege Tank  
  94  6:12  Marauder  
  94  6:14  Supply Depot  
  94  6:23  Marine  
  94  6:24  Marine  
  94  6:25  Marine x2  
  96  6:33  Marauder  
  93  6:41  Marine  
  93  6:42  Marine  
  93  6:43  Marine x2  
  91  6:48  Siege Tank  
  91  6:49  Medivac x2  
  91  6:53  Terran Infantry Armor Level 1  
  97  6:55  Marauder  
  97  6:59  Marine  
  97  7:01  Marine  
  101  7:02  Marine x2  
  101  7:07  SCV x2  
  105  7:09  Concussive Shells  
  88  7:16  Marauder  
  88  7:19  SCV x2, Medivac x2, Marine x2  
  88  7:20  Marine  
  91  7:31  SCV x2, Marine  
  91  7:40  Marauder  
  91  7:41  Marine  
  91  7:43  SCV x2  
  89  7:47  Barracks  
  89  7:49  Barracks, Marine  
  90  7:53  Armory  
  90  7:54  Marauder  
  90  7:55  Engineering Bay  
  90  7:56  Command Center  
  96  7:58  Widow Mine x2  
  96  7:59  Marine  
  96  8:05  Marauder  
  99  8:10  SCV x2  
  101  8:15  Missile Turret  
  101  8:16  Marauder, Missile Turret  
  101  8:19  Widow Mine  
  104  8:25  Marine x2  
  104  8:27  Marauder  
  108  8:30  Widow Mine  
  108  8:31  Missile Turret  
  105  8:37  Marauder  
  105  8:38  Barracks Tech Lab x2  
  105  8:39  Barracks Reactor  
  107  8:45  Marine x2  
  107  8:47  Terran Infantry Weapons Level 2, Terran Infantry Armor Level 2  
  109  8:50  Liberator, Command Center  
  109  8:53  Marauder, Widow Mine  
  116  9:05  Supply Depot  
  116  9:06  Supply Depot  
  116  9:07  Supply Depot  
  116  9:08  Marauder  
  118  9:14  Marine  
  118  9:26  Marine  
  118  9:27  Marauder  
  117  9:32  Marauder x2, Marine  
  117  9:33  Marine x2  
  117  9:34  Widow Mine x2  
  117  9:38  Liberator x2  
  119  9:44  Marine  
  104  9:48  Marauder  
  104  9:50  Marine  
  104  9:51  Marine  
  104  9:53  Marine x2  
  104  9:54  Marauder  
  107  10:10  Marauder, Marine x3  
  107  10:11  Marauder, Marine  
  119  10:14  Widow Mine x2  
  119  10:15  Marauder  
  121  10:30  Missile Turret  
  121  10:33  Marauder x2  
  121  10:34  Marine  
  126  10:40  Supply Depot  
  126  10:41  Supply Depot  
  126  10:42  Supply Depot  
  126  10:45  Barracks Tech Lab  
  126  11:02  Widow Mine, Marine x4  
  126  11:03  Marauder x2  
  123  11:09  Marauder  
  111  11:16  Viking  
  111  11:20  Marine x3  
  111  11:24  Marauder  
  114  11:32  Marine x2  
  116  11:41  Marine x2  
  116  11:42  Marine  
  116  11:45  Marauder  
  121  11:52  Marine x2  
  121  11:57  Marine  
  121  11:59  Marine  
  122  12:02  Marine  
  122  12:04  Marine  
  122  12:07  Marauder  
  126  12:12  Marine  
Tags
 
Add a new tag
Caveats
  • Supply blocks, unpowered buildings, or Contaminate may cause inaccurate times.
  • Supply counts are checked every 10 seconds.